[gd_scene load_steps=17 format=2]

[ext_resource path="res://entities/screen_based/Train.gd" type="Script" id=1]
[ext_resource path="res://entities/screen_based/TrainPart.tscn" type="PackedScene" id=2]
[ext_resource path="res://assets/shaders/white_for_flash.shader" type="Shader" id=3]
[ext_resource path="res://assets/graphics/sprites/environment/particle_circle_smoke_original.png" type="Texture" id=4]
[ext_resource path="res://assets/graphics/sheet_sprites.sprites/train_derailed_original.tres" type="Texture" id=5]

[sub_resource type="ShaderMaterial" id=1]
resource_local_to_scene = true
shader = ExtResource( 3 )
shader_param/enabled = false
shader_param/black_is_transparent = false
shader_param/keep_original_alpha = true
shader_param/flash_colour = Color( 1, 0, 0, 1 )
shader_param/all_white = false

[sub_resource type="ShaderMaterial" id=2]
resource_local_to_scene = true
shader = ExtResource( 3 )
shader_param/enabled = false
shader_param/black_is_transparent = false
shader_param/keep_original_alpha = true
shader_param/flash_colour = Color( 1, 0, 0, 1 )
shader_param/all_white = false

[sub_resource type="ShaderMaterial" id=3]
resource_local_to_scene = true
shader = ExtResource( 3 )
shader_param/enabled = false
shader_param/black_is_transparent = false
shader_param/keep_original_alpha = true
shader_param/flash_colour = Color( 1, 0, 0, 1 )
shader_param/all_white = false

[sub_resource type="ShaderMaterial" id=4]
resource_local_to_scene = true
shader = ExtResource( 3 )
shader_param/enabled = false
shader_param/black_is_transparent = false
shader_param/keep_original_alpha = true
shader_param/flash_colour = Color( 1, 0, 0, 1 )
shader_param/all_white = false

[sub_resource type="ShaderMaterial" id=5]
resource_local_to_scene = true
shader = ExtResource( 3 )
shader_param/enabled = false
shader_param/black_is_transparent = false
shader_param/keep_original_alpha = true
shader_param/flash_colour = Color( 1, 0, 0, 1 )
shader_param/all_white = false

[sub_resource type="ShaderMaterial" id=6]
resource_local_to_scene = true
shader = ExtResource( 3 )
shader_param/enabled = false
shader_param/black_is_transparent = false
shader_param/keep_original_alpha = true
shader_param/flash_colour = Color( 1, 0, 0, 1 )
shader_param/all_white = false

[sub_resource type="Gradient" id=24]
offsets = PoolRealArray( 0.125301, 0.501205, 0.893976 )
colors = PoolColorArray( 0.270588, 0.270588, 0.270588, 0.890196, 0.152941, 0.152941, 0.152941, 0.317647, 0.34902, 0.34902, 0.34902, 0.443137 )

[sub_resource type="GradientTexture" id=21]
gradient = SubResource( 24 )

[sub_resource type="Curve" id=25]
_data = [ Vector2( 0, 1 ), 0.0, 0.0, 0, 0, Vector2( 0.579909, 0.669318 ), -2.31202, -2.31202, 0, 0, Vector2( 1, 0.263636 ), 0.0207386, 0.0, 0, 0 ]

[sub_resource type="CurveTexture" id=23]
curve = SubResource( 25 )

[sub_resource type="ParticlesMaterial" id=26]
lifetime_randomness = 0.2
emission_shape = 2
emission_box_extents = Vector3( 18, 7, 1 )
flag_disable_z = true
direction = Vector3( 0, -5, 0 )
spread = 0.0
gravity = Vector3( 0, -5, 0 )
initial_velocity = 40.0
initial_velocity_random = 1.0
orbit_velocity = 0.0
orbit_velocity_random = 0.0
scale_curve = SubResource( 23 )
color_ramp = SubResource( 21 )

[node name="Train" type="KinematicBody2D"]
z_index = -1
collision_layer = 0
collision_mask = 0
script = ExtResource( 1 )
transient_indicated_type = 3

[node name="ChooChoo" type="Node2D" parent="."]
position = Vector2( 87, 0 )

[node name="TrainPart_Front" parent="ChooChoo" instance=ExtResource( 2 )]
locomotion = true
firing_left = true
score = 300

[node name="AnimatedSprite" parent="ChooChoo/TrainPart_Front" index="0"]
material = SubResource( 1 )
animation = "front"

[node name="TrainPart_Cart1" parent="ChooChoo" instance=ExtResource( 2 )]
score = 100

[node name="AnimatedSprite" parent="ChooChoo/TrainPart_Cart1" index="0"]
material = SubResource( 2 )
animation = "cart"

[node name="TrainPart_Cart2" parent="ChooChoo" instance=ExtResource( 2 )]
score = 100

[node name="AnimatedSprite" parent="ChooChoo/TrainPart_Cart2" index="0"]
material = SubResource( 3 )
animation = "cart"

[node name="TrainPart_Cart3" parent="ChooChoo" instance=ExtResource( 2 )]
score = 100

[node name="AnimatedSprite" parent="ChooChoo/TrainPart_Cart3" index="0"]
material = SubResource( 4 )
animation = "cart"

[node name="TrainPart_Cart4" parent="ChooChoo" instance=ExtResource( 2 )]
score = 100

[node name="AnimatedSprite" parent="ChooChoo/TrainPart_Cart4" index="0"]
material = SubResource( 5 )
animation = "cart"

[node name="TrainPart_Back" parent="ChooChoo" instance=ExtResource( 2 )]
firing_right = true
score = 200

[node name="AnimatedSprite" parent="ChooChoo/TrainPart_Back" index="0"]
material = SubResource( 6 )

[node name="CollisionShape2D" type="CollisionShape2D" parent="."]

[node name="DelayStartTimer" type="Timer" parent="."]
one_shot = true

[node name="Derailed" type="Node2D" parent="."]
visible = false
z_index = 2

[node name="TextureRect" type="TextureRect" parent="Derailed"]
margin_right = 96.0
margin_bottom = 64.0
rect_rotation = 10.0
texture = ExtResource( 5 )

[node name="DerailedSmoke" type="Particles2D" parent="Derailed"]
position = Vector2( 64, 32 )
z_index = 5
emitting = false
amount = 30
lifetime = 5.0
preprocess = 2.0
process_material = SubResource( 26 )
texture = ExtResource( 4 )

[connection signal="timeout" from="DelayStartTimer" to="." method="_on_DelayStartTimer_timeout"]

[editable path="ChooChoo/TrainPart_Front"]
[editable path="ChooChoo/TrainPart_Front/Hitbox"]
[editable path="ChooChoo/TrainPart_Front/Hurtbox"]
[editable path="ChooChoo/TrainPart_Cart1"]
[editable path="ChooChoo/TrainPart_Cart1/Hitbox"]
[editable path="ChooChoo/TrainPart_Cart1/Hurtbox"]
[editable path="ChooChoo/TrainPart_Cart2"]
[editable path="ChooChoo/TrainPart_Cart2/Hitbox"]
[editable path="ChooChoo/TrainPart_Cart2/Hurtbox"]
[editable path="ChooChoo/TrainPart_Cart3"]
[editable path="ChooChoo/TrainPart_Cart3/Hitbox"]
[editable path="ChooChoo/TrainPart_Cart3/Hurtbox"]
[editable path="ChooChoo/TrainPart_Cart4"]
[editable path="ChooChoo/TrainPart_Cart4/Hitbox"]
[editable path="ChooChoo/TrainPart_Cart4/Hurtbox"]
[editable path="ChooChoo/TrainPart_Back"]
[editable path="ChooChoo/TrainPart_Back/Hitbox"]
[editable path="ChooChoo/TrainPart_Back/Hurtbox"]
